AoeStats
← Franz

Arabia

507525852Analyzed
1v1 RM · 14d ago on Sep 18, 2026· 25m 21s· 2 players
Game mode
Random Map
Map size
Tiny (2 player)
Population
200
Speed
Normal
Resources
Standard
Victory
Conquest
Starting age
Dark Age
Ending age
Imperial Age
RankedLock teamsTeams togetherTeam positionsShared explorationLock speedFull tech treeHidden civsTurbo modeCheats
Victory
Defeat
🇫🇷 Teutons · France
792
+24
🇩🇪 Celts · Germany
797
-16
Franz
8:09 Loom
9:58 Feudal Age
11:04 Horse Collar
11:11 Double-Bit Axe
15:13 Gold Mining
19:49 Castle Age
18:44 Forging
19:59 Pikeman
20:41 Squires
21:16 Bow Saw
darkshedinja
8:34 Loom
11:22 Feudal Age
17:01 Castle Age
15:13 Double-Bit Axe
16:13 Gold Mining
Connection lost

Rejoining the realm…

Still unreachable

The connection could not be restored.

Session expired

The server has moved on; the page needs a fresh start.